 Dungeon Crawl Stone Soup version 0.17-a0-2098-gf59d6bc (webtiles) character file.

52 4thArraOfDagon the Firebug (level 3, -1/21 HPs)
             Began as a High Elf Fire Elementalist on Oct 17, 2015.
             Killed by triggering an arrow trap (7 damage)
             ... in an ossuary.
             The game lasted 00:03:42 (633 turns).

4thArraOfDagon the Firebug (HEFE)                    Turns: 633, Time: 00:03:42

Health: -1/21      AC:  3    Str:  7    XL:     3   Next: 60%
Magic:  1/8        EV: 12    Int: 20    God:
Gold:   58         SH:  0    Dex: 15    Spells: 1 memorised, 6 levels left

rFire  . . .     SeeInvis .     k - +2 whip (drain)
rCold  . . .     Clarity  .     a - +1 robe
rNeg   . . .     SustAt   .     (no shield)
rPois  .         Gourm    .     (no helmet)
rElec  .         Spirit   .     (no cloak)
rCorr  .         Warding  .     (no gloves)
rMut   .         Stasis   .     (no boots)
MR     .....                    (no amulet)
Stlth  ++........               (no ring)
                                (no ring)

@: not resistant to hostile enchantments, unstealthy
A: no striking features
a: no special abilities


You were in an ossuary.
You were not hungry.

You visited 1 branch of the dungeon, and saw 5 of its levels.
You also visited: Ossuary.

You collected 58 gold pieces.

Inventory:

Hand Weapons
 k - a +2 whip of draining (weapon)
Armour
 a - a +1 robe (worn)
Wands
 n - a wand of confusion (19)
Scrolls
 e - a scroll of fog {unknown}
 g - a scroll of teleportation {unknown}
 h - a scroll of enchant weapon {unknown}
 l - 2 scrolls of identify {unknown}
Potions
 d - a potion of cancellation {unknown}
 i - a potion of heal wounds {unknown}
Books
 b - a book of Flames

   Spells                             Type                      Level
   a - Flame Tongue                   Conjuration/Fire             1
   b - Throw Flame                    Conjuration/Fire             2
   c - Conjure Flame                  Conjuration/Fire             3
   d - Inner Flame                    Hexes/Fire                   3
   e - Sticky Flame                   Conjuration/Fire             4
   f - Fireball                       Conjuration/Fire             5
Comestibles
 c - a bread ration
 f - a slice of pizza
 j - a royal jelly
 m - a chunk of flesh


   Skills:
 - Level 2.1 Dodging
 - Level 2.1 Stealth
 + Level 2.8 Spellcasting
 * Level 2.5 Conjurations
 * Level 3.8 Fire Magic


You had 6 spell levels left.
You knew the following spells:

 Your Spells              Type           Power        Failure   Level  Hunger
a - Flame Tongue          Conj/Fire      ###..        4%          1    None


Dungeon Overview and Level Annotations

Branches:
Dungeon (5/15)
 Temple: D:4-7

Altars:

Annotations:
D:2 Sigmund
D:3 Natasha


Message History

You are too injured to fight recklessly!
You are too injured to fight recklessly!
You are too injured to fight recklessly!
You are too injured to fight recklessly!
You whack the hobgoblin zombie! The hobgoblin zombie hits you.
* * * LOW HITPOINT WARNING * * *
Casting: Flame Tongue
Confirm with . or Enter, or press ? or * to list all spells.
Aiming: Flame Tongue
Press: ? - help, Shift-Dir - straight line, f - hobgoblin zombie
Aim: a hobgoblin zombie The flame tongue hits the hobgoblin zombie.
You destroy the hobgoblin zombie!
There is an open door here.
You found an arrow trap! x2
Really walk into that arrow trap?
Okay, then.
Really walk into that arrow trap?
An arrow shoots out and hits you!
You die...

######### ###
#∩..#...#??!?#
#...'.∩.#!!%!+
#...#...#!!??#
#...##### ###
#.^@# ###+#


There were no monsters in sight!

Vanquished Creatures
  A worker ant (D:5)
  An adder zombie (Ossuary)
  3 orcs (D:5)
  A bat (D:2)
  A giant cockroach (D:4)
  3 hobgoblins
  A giant gecko (D:4)
  2 giant newts
  A hobgoblin zombie (Ossuary)
  2 jackals (D:3)
  4 kobolds
  A quokka skeleton (D:4)
  2 rats
23 creatures vanquished.

Notes
Turn   | Place    | Note
--------------------------------------------------------------
     0 | D:1      | 4thArraOfDagon the High Elf Fire Elementalist began the quest for the Orb.
     0 | D:1      | Reached XP level 1. HP: 11/11 MP: 4/4
   168 | D:2      | Reached XP level 2. HP: 12/17 MP: 0/6
   174 | D:2      | Noticed Sigmund
   291 | D:3      | Noticed Natasha
   346 | D:4      | Noticed an ogre
   424 | D:5      | Entered Level 5 of the Dungeon
   570 | D:5      | Found a sand-covered staircase.
   591 | D:5      | Reached XP level 3. HP: 8/21 MP: 0/8
   620 | Ossuary  | Entered an ossuary
   633 | Ossuary  | Killed by triggering an arrow trap

Vault maps used:
D:1:      arrival_zaba_pyramid, hangedman_decor_push
D:2:      grunt_temple_overflow_open, hangedman_ru_absence, uniq_sigmund
D:3:      grunt_ministairs_3, uniq_natasha
D:4:      first_bread
D:5:      serial_corexii_hall, corexii_hall_statues_t, corexii_hall_statues_l,
          corexii_hall_statues_u, corexii_hall_statues_i,
          nicolae_ossuary_entry_ruins, hex_tiny
Ossuary:  ossuary_tomb_2

Action                   || total
-------------------------++-------
Melee: Whip              ||    26
       Short sword       ||     7
 Cast: Flame Tongue      ||    25
  Use: Scroll            ||     2
 Stab: Distracted        ||     1
